 Dungeon Crawl Stone Soup version 0.25.0-9-g26727b657a (webtiles) character file.

Game seed: 16903613378387489751

7136 Exodus22XD the Spear-Bearer (level 10, -13/76 HPs)
             Began as a Demonspawn Gladiator on June 21, 2020.
             Was a Believer of Uskayaw.
             Mangled by a spiny frog (17 damage)
             ... on level 1 of the Lair of Beasts.
             The game lasted 00:28:24 (12403 turns).

Exodus22XD the Spear-Bearer (Demonspawn Gladiator) Turns: 12403, Time: 00:28:24

Health: -13/76     AC: 11    Str: 18    XL:     10   Next: 85%
Magic:  0/17       EV:  9    Int: 10    God:    Uskayaw [**....]
Gold:   0          SH:  0    Dex: 20    Spells: 18/18 levels left

rFire    . . .     SeeInvis .   x - +1 spear (venom)
rCold    . . .     Gourm    .   (no shield)
rNeg     . . .     Faith    .   z - +0 scale mail
rPois    +         Spirit   +   c - +0 helmet
rElec    .         Reflect  .   u - +0 cloak
rCorr    .         Harm     .   (no gloves)
MR       .....                  (no boots)
Stlth    ..........             (no amulet)
HPRegen  0.22/turn              e - +6 ring of dexterity
MPRegen  0.15/turn              t - ring of poison resistance

@: lethally poisoned (-13 -> -19), flying, extremely drained
A: claws 2, molten scales 2, magic shield
a: Stomp, Line Pass, Renounce Religion


You were on level 1 of the Lair of Beasts.
You worshipped Uskayaw.
Uskayaw was noncommittal.
You were very hungry.

You visited 3 branches of the dungeon, and saw 11 of its levels.

Inventory:

Hand Weapons
 a - a +0 trident
 x - a +1 spear of venom (weapon)
Armour
 c - a +0 helmet (worn)
 u - a +0 cloak (worn)
 z - a +0 scale mail (worn)
 F - the +1 chain mail "Sakhluc" {rC+ Str-3 Dex+4}
   (You found it on level 8 of the Dungeon)

   It affects your strength (-3).
   It affects your dexterity (+4).
   It protects you from cold.
Jewellery
 e - a +6 ring of dexterity (left claw)
 s - an uncursed ring of protection from cold
 t - a ring of poison resistance (right claw)
 D - a +6 ring of intelligence
Wands
 n - a wand of flame (22)
 E - a wand of acid (6)
Scrolls
 d - a scroll of enchant armour
 i - a scroll of fog
 k - 8 scrolls of remove curse
 l - a scroll of random uselessness {unknown}
 m - a scroll of magic mapping
 r - a scroll of fear
 y - a scroll of immolation {unknown}
 A - 3 scrolls of teleportation {unknown}
Potions
 j - a potion of degeneration
 o - a potion of ambrosia {unknown}
 p - a potion of heal wounds
 q - 3 potions of stabbing
 v - 2 potions of flight
 w - a potion of lignification {unknown}
 B - a potion of magic {unknown}
Comestibles
 f - 9 rations


   Skills:
 + Level 6.0(0.0) Fighting
 + Level 9.1(2.4) Polearms
 - Level 1.7(0.0) Throwing
 + Level 6.7(0.5) Armour
 + Level 5.2(0.0) Dodging
 + Level 3.1(0.0) Stealth
 + Level 0.2(0.0) Unarmed Combat
 - Level 4.8(0.0) Spellcasting
 * Level 7.8(1.3) Invocations


You had 18 spell levels left.
You didn't know any spells.
Your spell library was empty.

Dungeon Overview and Level Annotations

Branches:
Dungeon (9/15)             Temple (1/1) D:4            Lair (1/6) D:8
    Orc: D:9-12

Altars:
Ashenzari
Cheibriados
Dithmenos
Elyvilon
Fedhas
Gozag
Hepliaklqana
Kikubaaqudgha
Makhleb
Nemelex Xobeh
Okawaru
Qazlal
Ru
Sif Muna
Trog
Uskayaw
Vehumet
Wu Jian
Xom
Yredelemnul
Zin
The Shining One

Annotations:
D:3 1 runed translucent door, chen's ghost, amateur HuCj
D:5 Pikel
D:9 Maurice
Lair:1 exclusion: oklob plant


Innate Abilities, Weirdness & Mutations

You have very sharp fingernails.
You are mostly covered in molten scales. (AC +3)
When hurt, damage is shared between your health and your magic reserves.


Message History

You hit the spiny frog.
The spiny frog looks as sick as possible!
The spiny frog is heavily wounded.
You feel sick. The spiny frog stings you.
You hit the spiny frog.
The spiny frog looks as sick as possible!
The spiny frog is severely wounded.
You feel sick. The spiny frog stings you.
* * * LOW HITPOINT WARNING * * *
You can now pass through a line of other dancers.
You hit the spiny frog but do no damage.
The spiny frog is severely wounded.
The spiny frog stings you!!
* * * LOW HITPOINT WARNING * * *
It was a potion of flight.
You feel very buoyant.
You fly up into the air.
* * * LOW HITPOINT WARNING * * *
You feel sick. The spiny frog stings you!!
You die...

...........
..................#.....
.............. .........
.............. .........
.............. ........#
......###.....##.......#
....### #.....)...P#
....# #.........# ##.##
##..@F...# ....##
###........# .....#
##..........# .....#
##..........## ....##
##...........# ....#
##....##......#
...####.....#......##
....##....####....##
....#.....# .#..#


You could see a spiny frog (extremely poisoned).

Vanquished Creatures
  3 death yaks (D:8)
  A spiny frog (Lair:1)
  A troll (D:9)
  Grinder (D:5)
  A wyvern (D:8)
  Eustachio (D:5)
  4 yaks (D:8)
  A water moccasin (D:8)
  Duvessa (D:6)
  A porcupine (Lair:1)
  2 phantoms (D:5)
  3 orc warriors
  An ice beast (D:9)
  2 slaves (D:4)
  3 sky beasts
  4 ogres
  A centaur (D:7)
  A big kobold (D:7)
  Blork the orc (D:5)
  4 bullfrogs
  Dowan (D:6)
  3 scorpions
  9 killer bees
  A howler monkey (D:4)
  5 wights (D:8)
  2 crimson imps (D:8)
  A bullfrog zombie (D:6)
  3 hounds
  5 orc wizards
  A bullfrog skeleton (D:4)
  2 jellies
  An orc priest (D:8)
  An iguana (D:5)
  6 worker ants
  A hound zombie (D:7)
  3 gnolls (D:7)
  13 adders
  2 shadow imps
  3 oozes
  An adder skeleton (D:4)
  4 dart slugs
  4 worms
  8 leopard geckos
  14 orcs
  6 bats
  A giant cockroach (D:2)
  6 goblins
  3 hobgoblins (D:1)
  10 jackals
  15 kobolds
  4 quokkas
  A ball python (D:2)
  10 frilled lizards
  2 quokka skeletons
  16 rats
205 creatures vanquished.

Vanquished Creatures (others)
  A wizard (D:7)
  A plant (D:8)
2 creatures vanquished.

Grand Total: 207 creatures vanquished

Notes
Turn   | Place    | Note
-------+----------+-------------------------------------------
     0 | D:1      | Exodus22XD the Demonspawn Gladiator began the quest for the
                  | Orb.
     0 | D:1      | Reached XP level 1. HP: 16/16 MP: 1/1
   162 | D:1      | Reached skill level 3 in Polearms
   244 | D:1      | Gained mutation: When hurt, damage is shared between your
                  | health and your magic reserves. [demonic ancestry]
   244 | D:1      | Reached XP level 2. HP: 22/22 MP: 2/2
   638 | D:1      | Gained mutation: You are partially covered in molten
                  | scales. (AC +2) [demonic ancestry]
   638 | D:1      | Reached XP level 3. HP: 24/27 MP: 3/3
  1295 | D:2      | Reached XP level 4. HP: 31/33 MP: 2/4
  1549 | D:2      | Reached skill level 4 in Polearms
  1549 | D:2      | Reached skill level 1 in Armour
  1730 | D:2      | Found a stormy altar of Qazlal.
  1867 | D:2      | Found a sparkling altar of Nemelex Xobeh.
  2303 | D:3      | Reached XP level 5. HP: 36/39 MP: 5/5
  2450 | D:3      | Found a runed translucent door.
  2450 | D:3      | Noticed chen's ghost (amateur HuCj)
  3109 | D:4      | Reached skill level 1 in Spellcasting
  3187 | D:4      | Reached skill level 1 in Stealth
  3203 | D:4      | Reached XP level 6. HP: 37/46 MP: 7/7
  3294 | D:4      | Found a sacrificial altar of Ru.
  3340 | D:4      | Found a hazy altar of Hepliaklqana.
  3514 | D:4      | Found a shattered altar of Ashenzari.
  3535 | D:4      | Reached skill level 5 in Polearms
  3823 | D:4      | Gained mutation: You have sharp fingernails. [demonic
                  | ancestry]
  3823 | D:4      | Reached XP level 7. HP: 50/52 MP: 8/10
  3884 | D:4      | Found an opulent altar of Gozag.
  4010 | D:4      | Found a staircase to the Ecumenical Temple.
  4016 | Temple   | Entered the Ecumenical Temple
  4100 | Temple   | Became a worshipper of Uskayaw the Reveler
  4422 | D:5      | Entered Level 5 of the Dungeon
  4441 | D:5      | Reached * piety under Uskayaw
  4457 | D:5      | Reached ** piety under Uskayaw
  4471 | D:5      | Reached *** piety under Uskayaw
  4786 | D:5      | Noticed Pikel
  4934 | D:5      | Noticed Eustachio
  4959 | D:5      | Killed Eustachio
  4959 | D:5      | Reached skill level 1 in Invocations
  5067 | D:5      | Noticed Blork the orc
  5085 | D:5      | Killed Blork the orc
  5442 | D:5      | Reached skill level 6 in Polearms
  5442 | D:5      | Reached XP level 8. HP: 46/59 MP: 9/12
  5552 | D:5      | Noticed Grinder
  5574 | D:5      | Killed Grinder
  5765 | D:5      | Found a shimmering blue altar of Sif Muna.
  6029 | D:6      | Reached **** piety under Uskayaw
  6358 | D:6      | Noticed Duvessa
  6360 | D:6      | Noticed Dowan
  6380 | D:6      | Killed Duvessa
  6385 | D:6      | Killed Dowan
  6700 | D:6      | Got a glimmering spear
  7205 | D:7      | Reached skill level 7 in Polearms
  7350 | D:7      | Gained mutation: You have very sharp fingernails. [demonic
                  | ancestry]
  7350 | D:7      | Reached XP level 9. HP: 43/65 MP: 10/14
  7366 | D:7      | Reached ***** piety under Uskayaw
  8057 | D:7      | Reached skill level 5 in Invocations
  8592 | D:7      | Found a bloodstained altar of Trog.
  8593 | D:7      | Noticed a wizard
  8598 | D:7      | Killed a wizard
  8731 | D:8      | Got a transparent hand axe
  8759 | D:8      | Found an ancient bone altar of Kikubaaqudgha.
  8761 | D:8      | Found a blossoming altar of Fedhas.
  8839 | D:8      | Got a glimmering chain mail
  8850 | D:8      | Identified the +1 chain mail "Sakhluc" {rC+ Str-3 Dex+4}
                  | (You found it on level 8 of the Dungeon)
  8861 | D:8      | Noticed a death yak
  8901 | D:8      | Noticed a death yak
  8927 | D:8      | Noticed a death yak
  8932 | D:8      | Killed a death yak
  8932 | D:8      | Reached skill level 5 in Fighting
  8932 | D:8      | Reached skill level 8 in Polearms
  8932 | D:8      | Reached skill level 5 in Armour
  8979 | D:8      | Killed a death yak
  8979 | D:8      | Gained mutation: You are mostly covered in molten scales.
                  | (AC +3) [demonic ancestry]
  8979 | D:8      | Reached XP level 10. HP: 46/74 MP: 9/17
  9060 | D:8      | Killed a death yak
  9607 | D:8      | Reached skill level 5 in Dodging
 10069 | D:8      | Found a staircase to the Lair.
 10863 | D:9      | Reached skill level 9 in Polearms
 11082 | D:9      | Noticed Maurice
 11147 | D:9      | Identified the +10 hand axe of Execution {antimagic, *Slow
                  | MP+9 Int+3} (You found it on level 8 of the Dungeon)
 11775 | D:9      | Found a shimmering altar of Xom.
 11830 | Lair:1   | Entered Level 1 of the Lair of Beasts
 11847 | Lair:1   | Noticed an oklob plant
 11847 | Lair:1   | Noticed a spiny frog
 11866 | Lair:1   | Killed a spiny frog
 12382 | Lair:1   | Noticed a spiny frog
 12403 | Lair:1   | Mangled by a spiny frog

Illustrated notes

Levels and vault maps discovered:
D:1:      dpeg_arrival_renting, layout_loops_ring, skrybe_limestone_x,
          patterned_corridor
D:2:      layout_rooms, nemelex_altar_shiori, nicolae_qazlal_eye_of_the_storm,
          minmay_tall_x
D:3:      layout_basic, gammafunk_ghost_grave
D:4:      minmay_evil_eye, layout_basic, nicolae_ru_sacrificial_ziggurat,
          lemuel_doored_altar, marbit_many_paths, old_standard_altar,
          minmay_temple_entry_enclosed_plants, first_ration
D:5:      cheibrodos_helix_gallery, layout_loops_ring, kennysheep_mini_moat,
          uniq_grinder, uniq_eustachio, uniq_blork_the_orc, uniq_pikel
D:6:      layout_basic, uniq_duvessa
D:7:      layout_gridville, trog_wizard
D:8:      layout_cave_pools, grunt_temple_overflow_growth_and_decay,
          dpeg_lair_monsters
D:9:      layout_rooms, nicolae_overflow_hidden_temple, uniq_maurice
Temple:   minmay_temple_forest_path
Lair:1:   lemuel_ratsnest, layout_hall_layers, minmay_lair_oklob_chamber

Skill      XL: |  1  2  3  4  5  6  7  8  9 10 |
---------------+-------------------------------+-----
Polearms       | 3 4 5 6 7 8 9 |  9.1
Dodging        | 3 4 5 |  5.2
Armour         | 1 2 3 4 5 6 |  6.7
Spellcasting   | 1 2 3 4 |  4.8
Stealth        | 1 2 3 |  3.1
Fighting       | 3 4 5 6 |  6.0
Invocations    | 2 4 6 7 |  7.8
Throwing       | |  1.7
Unarmed Combat | |  0.2

Action                   |  1- 3 |  4- 6 |  7- 9 | 10-12 || total
-------------------------+-------+-------+-------+-------++-------
Melee: Trident           |   161 |   292 |   345 |   120 ||   918
       Spear             |       |       |   192 |   216 ||   408
       Unarmed           |       |       |       |    14 ||    14
Invok: Line Pass         |       |       |       |     1 ||     1
  Use: Scroll            |       |       |    11 |     2 ||    13
       Potion            |       |       |     7 |     3 ||    10
 Stab: Sleeping          |     4 |     1 |       |       ||     5
       Distracted        |       |     1 |       |       ||     1
       Paralysed         |       |       |     7 |     2 ||     9
       Confused          |       |       |       |     2 ||     2
  Eat: Chunk             |     1 |     9 |     8 |     2 ||    20
       Ration            |       |       |     3 |     2 ||     5
Armor: Leather armour    |    57 |    19 |       |       ||    76
       Ring mail         |       |    44 |       |       ||    44
       Scale mail        |       |    17 |   219 |   114 ||   350
Dodge: Dodged            |    98 |   172 |   253 |   159 ||   682
